 Dungeon Crawl Stone Soup version 0.22.1-2-g9c5b331 (webtiles) character file.

417 whitewolfNL the Cudgeler (level 6, -8/53 HPs)
             Began as a Minotaur Berserker on Nov 17, 2018.
             Was a Priest of Trog.
             Mangled by a gnoll
             ... wielding a +0 halberd
              (14 damage)
             ... on level 4 of the Dungeon.
             The game lasted 00:15:13 (2942 turns).

whitewolfNL the Cudgeler (Minotaur Berserker)       Turns: 2942, Time: 00:15:14

Health: -8/53      AC: 11    Str: 22    XL:     6   Next: 61%
Magic:  5/5        EV:  9    Int:  5    God:    Trog [***...]
Gold:   141        SH:  0    Dex: 10    Spells: 5/5 levels left

rFire    . . .     SeeInvis .   r - +0 flail
rCold    + . .     Gourm    .   (no shield)
rNeg     . . .     Faith    .   p - +0 chain mail
rPois    .         Spirit   .   s - +2 hat
rElec    .         Reflect  .   (no cloak)
rCorr    .         Harm     .   (no gloves)
MR       .....                  (no boots)
Stlth    ..........             (no amulet)
HPRegen  0.17/turn              q - ring of protection from cold
MPRegen  0.09/turn              (no ring)

@: berserk cooldown, slowed, very slow
A: retaliatory headbutt, horns 2
a: Berserk, Trog's Hand, Renounce Religion


You were on level 4 of the Dungeon.
You worshipped Trog.
Trog was most pleased with you.
You were very hungry.

You visited 1 branch of the dungeon, and saw 4 of its levels.

You collected 141 gold pieces.

Inventory:

Hand Weapons
 f - a +2 hunting sling of freezing
 r - a +0 flail (weapon)
 t - a +0 scythe
Missiles
 e - 6 needles of confusion
 h - a throwing net (quivered)
 n - 2 needles of frenzy
 u - 17 poisoned needles
 v - 82 stones
 w - 19 arrows
Armour
 p - a +0 chain mail (worn)
 s - a +2 hat (worn)
Jewellery
 q - a ring of protection from cold (left hand)
Scrolls
 b - 2 scrolls of remove curse
 d - a scroll of enchant weapon {unknown}
 i - a scroll of amnesia {unknown}
 j - a scroll of fog {unknown}
 k - 3 scrolls of teleportation
 x - a scroll of blinking {unknown}
 y - a scroll of enchant armour {unknown}
 C - a scroll of noise {unknown}
 D - a scroll of fear {unknown}
Potions
 a - 2 potions of mutation
 g - 2 potions of curing
 l - a potion of heal wounds {unknown}
 m - 2 potions of agility
 z - a potion of haste {unknown}
Comestibles
 c - 6 rations
 o - 6 chunks of flesh


   Skills:
 + Level 4.6 Fighting
 * Level 6.2 Maces & Flails
 - Level 1.0 Slings
 * Level 4.6 Armour
 * Level 3.3 Dodging
 * Level 1.8 Stealth


You had 5 spell levels left.
You didn't know any spells.
Your spell library was empty.

Dungeon Overview and Level Annotations

Branches:
Dungeon (4/15)             Temple (0/1) D:4

Altars:
Ashenzari


Innate Abilities, Weirdness & Mutations

You reflexively headbutt those who attack you in melee.
You have a pair of horns on your head.


Message History

The quokka zombie completely misses you.
The gnoll barely misses you. x2
Your chain mail prevents you from hitting the quokka zombie.
The quokka zombie is moderately damaged.
The quokka zombie closely misses you. The gnoll barely misses you.
The gnoll misses you. The quokka zombie bites you.
* * * LOW HITPOINT WARNING * * *
The gnoll hits you from afar with a spear.
* * * LOW HITPOINT WARNING * * *
You hit the quokka zombie.
The quokka zombie is almost destroyed.
The gnoll closely misses you. The quokka zombie misses you.
The gnoll hits you from afar with a spear.
* * * LOW HITPOINT WARNING * * *
The quokka zombie closely misses you. The gnoll hits you but does no damage.
You closely miss the quokka zombie.
The quokka zombie is almost destroyed.
The gnoll barely misses you. The quokka zombie barely misses you.
The gnoll hits you from afar with a halberd!
You die...

# ...#.#.##Z
##..##..#......
...............
###+###.?....Z.
#.....#.###.###
#.###.#...g....
+.#>#.gg...#...
#.#'#.#Z####
#.....#@#
#######'###.####.#
+................#
#####[#####.#...##
#. #.#)..# ##.#
#.#...# .. #.#...#
#.# #.#...# ..
#.#...#


You could see 2 gnolls and a quokka zombie.

Vanquished Creatures
  Sigmund (D:2)
  Terence (D:2)
  A worker ant (D:4)
  2 orc wizards
  2 gnolls (D:4)
  An adder (D:3)
  3 oozes
  3 worms
  A dart slug (D:2)
  4 leopard geckos
  9 orcs
  A ball python (D:3)
  5 giant cockroaches
  8 hobgoblins
  12 jackals
  16 kobolds
  A quokka (D:3)
  8 bats
  3 frilled lizards
  5 goblins
  8 rats
95 creatures vanquished.

Notes
Turn   | Place    | Note
-------+----------+-------------------------------------------
     0 | D:1      | whitewolfNL the Minotaur Berserker began the quest for the
                  | Orb.
     0 | D:1      | Reached XP level 1. HP: 19/19 MP: 0/0
    34 | D:1      | Reached skill level 4 in Maces & Flails
    34 | D:1      | Reached XP level 2. HP: 12/27 MP: 1/1
   637 | D:1      | Reached XP level 3. HP: 28/33 MP: 2/2
   701 | D:1      | Reached ** piety under Trog
  1305 | D:2      | Reached XP level 4. HP: 40/40 MP: 3/3
  1327 | D:2      | Noticed Terence
  1335 | D:2      | Killed Terence
  1335 | D:2      | Reached skill level 1 in Stealth
  1485 | D:2      | Noticed Sigmund
  1494 | D:2      | Killed Sigmund
  1494 | D:2      | Reached skill level 5 in Maces & Flails
  1494 | D:2      | Reached skill level 1 in Slings
  1494 | D:2      | Reached XP level 5. HP: 47/47 MP: 4/4
  1797 | D:3      | Reached XP level 6. HP: 52/53 MP: 5/5
  1906 | D:3      | Reached *** piety under Trog
  2090 | D:3      | Found a shattered altar of Ashenzari.
  2848 | D:4      | Reached skill level 6 in Maces & Flails
  2910 | D:4      | Found a staircase to the Ecumenical Temple.
  2942 | D:4      | Mangled by a gnoll

Skill      XL: |  1  2  3  4  5  6 |
---------------+-------------------+-----
Maces & Flails | 4 5 6 |  6.2
Fighting       | 4 |  4.6
Armour         | 3 4 |  4.6
Stealth        | 1 |  1.8
Slings         | 1 |  1.0
Dodging        | 3 |  3.3

Action                   |  1- 3 |  4- 6 || total
-------------------------+-------+-------++-------
Melee: Mace              |    91 |    68 ||   159
       Headbutt          |    15 |    14 ||    29
       Flail             |       |    53 ||    53
Invok: Berserk           |     2 |     4 ||     6
  Use: Scroll            |       |     7 ||     7
  Eat: Chunk             |     3 |     8 ||    11
Armor: Animal skin       |     8 |       ||     8
       Ring mail         |    28 |       ||    28
       Scale mail        |       |    40 ||    40
       Chain mail        |       |    24 ||    24
Dodge: Dodged            |    63 |    78 ||   141
